 Dungeon Crawl Stone Soup version 0.24.0-125-gc4c63601f3 (webtiles) character file.

Game seed: 4867103044716423956, levelgen mode: deterministic

10 Akano the Covered (level 2, -2/27 HPs)
             Began as a Deep Dwarf Fighter on Mar 19, 2020.
             Slain by Sigmund
             ... wielding a +0 scythe
              (8 damage)
             ... on level 2 of the Dungeon.
             The game lasted 00:02:58 (767 turns).

Akano the Covered (Deep Dwarf Fighter)               Turns: 767, Time: 00:02:59

Health: -2/27      AC:  6    Str: 19    XL:     2   Next: 10%
Magic:  2/2        EV:  7    Int:  8    God:
Gold:   11         SH:  0    Dex: 12    Spells: 1/1 levels left

rFire    . . .     SeeInvis .   a - +0 war axe
rCold    . . .     Gourm    .   c - +0 shield
rNeg     . . .     Faith    .   b - +0 scale mail
rPois    .         Spirit   .   (no helmet)
rElec    .         Reflect  .   (no cloak)
rCorr    .         Harm     .   (no gloves)
MR       .....                  (no boots)
Stlth    ..........             i - amulet of regeneration
HPRegen  0.00/turn              (no ring)
MPRegen  0.08/turn              (no ring)

@: confused, non-regenerating
A: damage resistance, heal wounds, sense surroundings 1, no regeneration
a: Heal Wounds


You were on level 2 of the Dungeon.
You were not hungry.

You visited 1 branch of the dungeon, and saw 2 of its levels.

You collected 11 gold pieces.

Inventory:

Hand Weapons
 a - a +0 war axe (weapon)
Missiles
 e - 19 poisoned darts (quivered)
 g - 11 arrows
 k - 20 bolts
Armour
 b - a +0 scale mail (worn)
 c - a +0 shield (worn)
Jewellery
 i - an amulet of regeneration (around neck)
Scrolls
 h - a scroll of remove curse {unknown}
 j - a scroll of identify {unknown}
Potions
 d - a potion of might
Comestibles
 f - 3 rations


   Skills:
 * Level 2.9 Fighting
 + Level 2.2 Axes
 + Level 3.5 Armour
 * Level 0.4 Dodging
 + Level 3.4 Shields


You had one spell level left.
You didn't know any spells.
Your spell library was empty.

Dungeon Overview and Level Annotations

Branches:
Dungeon (2/15)

Altars:

Annotations:
D:2 Sigmund


Innate Abilities, Weirdness & Mutations

You are resistant to damage.
You can heal yourself by infusing magical energy.
You passively map a small area around you.
You do not regenerate.


Message History

You hit Sigmund.
Sigmund is heavily wounded.
Sigmund hits you but does no damage.
You hit Sigmund.
Sigmund is severely wounded.
Sigmund gestures wildly while chanting.
Sigmund flickers and vanishes!
Deactivating autopickup; reactivate with Ctrl-A.
Something hits you but does no damage.
You closely miss something. You block something's attack.
You barely miss something. You closely miss something. Something hits you!
Something hits you!
* * * LOW HITPOINT WARNING * * *
You fail to use your ability.
You hear some strange, mumbled words.
You are confused.
You're too confused!
You bump into the rock wall.
Something hits you!
You die...

, , , ... , , , ..# *
....... #.# ....... #.#
* ....... *###.#
....... ..#.# *
.......* #.#.## *
)...... #.#..# ,
,....$..###.##@# *, *
...........##.######.#
*
#####...##..{........#
,
,,,.....#..<......####.
##########.###†.###* ,
, * #.##.....#*
#.##...#....# ,
#......####.# * ,, *
####........#


There were no monsters in sight!

Vanquished Creatures
  A leopard gecko (D:1)
  2 hobgoblins (D:1)
  2 jackals (D:2)
  A ball python (D:1)
  2 frilled lizards (D:1)
  A rat (D:2)
9 creatures vanquished.

Notes
Turn   | Place    | Note
-------+----------+-------------------------------------------
     0 | D:1      | Akano the Deep Dwarf Fighter began the quest for the Orb.
     0 | D:1      | Reached XP level 1. HP: 20/20 MP: 1/1
   714 | D:2      | Reached XP level 2. HP: 20/27 MP: 2/2
   739 | D:2      | Noticed Sigmund
   767 | D:2      | Slain by Sigmund

Levels and vault maps discovered:
D:1:      kennysheep_arrival_forest, layout_basic
D:2:      layout_loops_cross, grunt_temple_overflow_order_and_chaos_1,
          gammafunk_temple_overflow_elements, serial_co_window_serial,
          co_window_cross_1, co_window_corner_a, co_window_corner_a,
          co_window_paths_b, co_window_of_opportunity_a, co_window_corner_b,
          co_window_of_opportunity_b, co_window_corner_b, co_window_cross_4,
          co_window_4corner_b, glass_columns_b, glass_columns_a,
          glass_columns_a, glass_columns_c, first_ration, uniq_sigmund,
          uniq_jessica

Action                   || total
-------------------------++-------
Melee: War axe           ||    33
 Abil: Heal Wounds       ||     1
Armor: Scale mail        ||    19
Dodge: Dodged            ||     9
Block: Shield            ||    12
